 Dungeon Crawl Stone Soup version 0.28.0-47-ge53b351184 (webtiles) character file.

Game seed: 5145937233918859217

1263 Bruhh the Thaumaturge (level 8, -6/53 HPs)
             Began as a Djinni Earth Elementalist on May 1, 2022.
             Was an Initiate of Nemelex Xobeh.
             Mangled by an ogre
             ... wielding a +0 giant club
              (23 damage)
             ... on level 6 of the Dungeon.
             The game lasted 00:09:54 (7266 turns).

Bruhh the Thaumaturge (Djinni Earth Elementalist)   Turns: 7266, Time: 00:09:55

Health: -6/53      AC:  3    Str:  7    XL:     8   Next: 82%
Gold:   211        EV: 12    Int: 18    God:    Nemelex Xobeh [......] SH:  0 Dex: 15

rFire   + + .      SeeInvis .   (no weapon)
rCold   x . .      Faith    .   (no shield)
rNeg    + . .      Spirit   .   b - +0 robe
rPois   ∞          Reflect  .   f - +0 helmet
rElec   .          Harm     .   (no cloak)
rCorr   .          Rampage  .   (no gloves)
Will    .....                   (boots unavailable)
Stlth   ++........              (no amulet)
HPRegen 0.17/turn               h - ring of positive energy
MPRegen 0.00/turn               (no ring)

@: flying, very slightly contaminated
A: sickness immunity, fire resistance 2, cold vulnerability 1, float, innate
caster, HP casting, extra vitality 1
a: Renounce Religion, Draw Escape, Draw Destruction, Draw Summoning


You were on level 6 of the Dungeon.
You worshipped Nemelex Xobeh.
Nemelex Xobeh was noncommittal.
You visited 2 branches of the dungeon, and saw 7 of its levels.

You collected 211 gold pieces.

Inventory:

Missiles
 c - 49 stones
Armour
 b - a +0 robe (worn)
 f - a +0 helmet (worn)
Jewellery
 h - a ring of positive energy (left hand)
 l - a ring of protection from fire
 n - a ring of protection from cold
 y - a ring of fire
Scrolls
 a - a scroll of holy word {unknown}
 d - 2 scrolls of vulnerability {unknown}
 g - a scroll of magic mapping {unknown}
 j - a scroll of fear {unknown}
 k - 3 scrolls of identify {unknown}
 r - a scroll of summoning {unknown}
 s - a scroll of acquirement {unknown}
 t - a scroll of enchant armour {unknown}
 u - a scroll of fog {unknown}
 v - a scroll of amnesia {unknown}
 x - 2 scrolls of teleportation {unknown}
 z - a scroll of blinking {unknown}
Potions
 e - a potion of cancellation {unknown}
 i - a potion of magic {unknown}
 m - 2 potions of curing {unknown}
 o - 2 potions of attraction {unknown}
 p - a potion of heal wounds {unknown}
 q - a potion of haste {unknown}
 w - a potion of flight {unknown}


   Skills:
 + Level 1.7 Fighting
 - Level 2.1 Dodging
 - Level 1.5 Stealth
 - Level 8.0 Spellcasting


You had 7 spell levels left.
You knew the following spells:

 Your Spells              Type           Power      Damage    Failure   Level
a - Sandblast             Erth           72%        2d16      1%          1
b - Passwall              Tmut/Erth      30%        N/A       1%          2
c - Stone Arrow           Conj/Erth      72%        3d11      1%          3
d - Petrify               Tmut/Erth      36%        N/A       3%          4
e - Sting                 Tmut/Pois      100%       1d8       1%          1
f - Corpse Rot            Necr/Air       72%        N/A       1%          2
g - Gell's Gravitas       Tloc           36%        N/A       1%          3
Your spell library was empty.

Dungeon Overview and Level Annotations

Branches:
Dungeon (6/15)             Temple (1/1) D:5

Altars:
Ashenzari
Cheibriados
Dithmenos
Elyvilon
Fedhas
Hepliaklqana
Kikubaaqudgha
Makhleb
Nemelex Xobeh
Qazlal
Ru
Sif Muna
Trog
Uskayaw
Vehumet
Wu Jian
Xom
Yredelemnul
Zin
The Shining One

Shops:
D:3 ?

Annotations:
D:4 2 transporters


Innate Abilities, Weirdness & Mutations

You are immune to sickness and miasma.
You are immune to poison.
Your flesh is very heat resistant. (rF++)
You are vulnerable to cold. (rC-)
You float through the air rather than walking.
You learn spells naturally, not from books.
Your magical power is your life essence.
You have superior vitality. (+4 MHP)


Message History

Training target 8.0 for Spellcasting reached!
Your Spellcasting skill increases to level 8!
You need to enable at least one skill for training.
There is an escape hatch in the ceiling here.
Done exploring.
Done exploring.
Done exploring.
Done exploring.
Done exploring.
Done exploring.
There is a stone staircase leading down here.
You fly downwards.
Found a dagger.
There is a stone staircase leading up here.
There are monsters nearby!
The stone arrow hits the phantom!
The phantom is heavily damaged.
The ogre shouts!
The stone arrow misses the phantom.
The phantom barely misses you.
The stone arrow hits the phantom!
The phantom is almost destroyed.
The ogre hits you with a +0 giant club. The phantom hits you.
The phantom blinks!
You blink.
You miscast Stone Arrow.
You are very lightly contaminated with residual magic.
Nothing appears to happen.
The phantom hits you.
The stone arrow hits the phantom!
You destroy the phantom!
The ogre hits you with a +0 giant club!
Your Fighting skill increases to level 1!
Casting: Stone Arrow (safe; 1% risk of failure)
Confirm with . or Enter, or press ? or * to list all spells.
Aiming: Stone Arrow (safe; 1% risk of failure)
Press: ? - help, Shift-Dir - straight line, f - ogre
Aim: an ogre, wielding a +0 giant club (88% to hit)
The stone arrow hits the ogre!!
The ogre is severely wounded.
The ogre hits you with a +0 giant club!!
You die...
Your body disappears without a glow.

.. #.# #.#
#.# #.#
###.###
#.....#
#.@...####.#
#..O<.).....
#.....####.#
#.....#
#######


You could see an ogre.

Vanquished Creatures
  A water moccasin (Temple)
  A black bear (D:4)
  An orc warrior (D:5)
  4 ogres
  A centaur (D:5)
  2 phantoms
  A scorpion (D:5)
  2 orc priests
  2 iguanas (D:5)
  3 orc wizards
  A hound skeleton (D:4)
  3 gnolls (D:2)
  2 adders
  An ufetubus (D:5)
  A worm (D:3)
  3 dart slugs
  10 orcs
  2 ball pythons (D:1)
  4 endoplasms
  A giant cockroach (D:1)
  13 goblins
  12 hobgoblins
  7 jackals
  5 kobolds
  2 quokkas
  6 bats
  A frilled lizard (D:2)
  7 rats
99 creatures vanquished.

Notes
Turn   | Place    | Note
-------+----------+-------------------------------------------
     0 | D:1      | Bruhh the Djinni Earth Elementalist began the quest for the
                  | Orb.
     0 | D:1      | Reached XP level 1. HP: 15/15 MP: 0/0
   322 | D:1      | Reached XP level 2. HP: 19/21 MP: 0/0
   331 | D:1      | Reached skill level 3 in Spellcasting
   658 | D:1      | Reached XP level 3. HP: 21/25 MP: 0/0
   658 | D:1      | Learned a level 1 spell: Sting
  1656 | D:2      | Reached XP level 4. HP: 8/31 MP: 0/0
  2163 | D:2      | Found a bloodstained altar of Trog.
  2206 | D:2      | Reached skill level 4 in Spellcasting
  2645 | D:3      | Found Ixytimn's Magic Scroll Shoppe.
  2769 | D:3      | Reached XP level 5. HP: 24/35 MP: 0/0
  2769 | D:3      | Learned a level 2 spell: Corpse Rot
  3905 | D:4      | Noticed an ogre
  3986 | D:4      | Found a transporter.
  3990 | D:4      | Reached XP level 6. HP: 29/40 MP: 0/0
  4141 | D:4      | Killed an ogre
  4142 | D:4      | Reached skill level 5 in Spellcasting
  4363 | D:4      | Found a transporter.
  4507 | D:4      | Noticed a black bear
  4512 | D:4      | Killed a black bear
  4513 | D:4      | Reached XP level 7. HP: 32/45 MP: 0/0
  4513 | D:4      | Learned a level 3 spell: Gell's Gravitas
  4644 | D:4      | Reached skill level 6 in Spellcasting
  4750 | D:5      | Entered Level 5 of the Dungeon
  4752 | D:5      | Found a staircase to the Ecumenical Temple.
  4765 | D:5      | Noticed a water moccasin
  4778 | Temple   | Entered the Ecumenical Temple
  4784 | Temple   | Killed a water moccasin
  5760 | Temple   | Became a worshipper of Nemelex Xobeh the Trickster
  5810 | D:5      | Reached XP level 8. HP: 8/50 MP: 0/0
  6169 | D:5      | Reached skill level 7 in Spellcasting
  7139 | D:5      | Reached skill level 8 in Spellcasting
  7266 | D:6      | Reached skill level 1 in Fighting
  7266 | D:6      | Mangled by an ogre

Illustrated notes

Levels and vault maps discovered:
D:1:      dpeg_arrival_arbitrary_c, layout_basic, minmay_tripent
D:2:      layout_loops_ring, basic_altar
D:3:      layout_rooms, serial_shops, nicolae_shop_competitors_out_of_business
D:4:      gammafunk_cloud_chamber, layout_rooms, minmay_strange_pillars,
          chequers_serial_rivers_marsh, minmay_goblin_outpost
D:5:      layout_loops_cross, minmay_temple_entry_mini_moons
D:6:      layout_loops_ring
Temple:   mainiacjoe_temple_cubbyholes

Skill      XL: |  1  2  3  4  5  6  7  8 |
---------------+-------------------------+-----
Spellcasting   | 3 4 5 6 8 |  8.0
Fighting       | 1 |  1.7
Dodging        | |  2.1
Stealth        | |  1.5

Action                   |  1- 3 |  4- 6 |  7- 9 || total
-------------------------+-------+-------+-------++-------
Melee: Unarmed           |       |     8 |       ||     8
 Cast: Sandblast         |    31 |    48 |     1 ||    80
       Sting             |    30 |     2 |       ||    32
       Stone Arrow       |       |    22 |    46 ||    68
Armor: Robe              |     6 |     5 |       ||    11
Dodge: Dodged            |    20 |    21 |     2 ||    43
